 Dungeon Crawl Stone Soup version 0.31.0-12-g77e489cdc1 (webtiles) character file.

Game seed: 9890990339121995873

20260 Farjai the Thaumaturge (level 12, -3/80 HPs)
             Began as a Demonspawn Alchemist on Feb 14, 2024.
             Was an Elder of Vehumet.
             Killed by an exploding wyvern (13 damage)
             ... ignited by their inner flame
             ... on level 3 of the Lair of Beasts on Feb 15, 2024.
             The game lasted 02:27:19 (14133 turns).

Farjai the Thaumaturge (Demonspawn Alchemist)      Turns: 14133, Time: 02:27:20

Health: -3/80      AC: 10    Str: 11    XL:     12   Next: 43%
Magic:  27/27      EV: 12    Int: 25    God:    Vehumet [****..]
Gold:   733        SH:  4    Dex: 14    Spells: 11/34 levels left

rFire   + . .        v - +9 trident of Dull Expedience {speed, *Corrode rElec Str+2 Int+5}
rCold   . . .        I - +0 buckler
rNeg    . . .        r - +0 scale mail
rPois   .            i - +0 helmet
rElec   +            f - +0 cloak
rCorr   .            (no gloves)
SInv    .            M - +0 pair of boots
Will    +....        A - amulet of faith
Stlth   ++           o - ring of willpower
HPRegen 0.33/turn    s - ring of protection from fire
MPRegen 0.20/turn

%: corrode self (3%), faith
@: mighty, slowed, very slow
A: powered by pain 1, spiny 2, augmentation 1, sturdy frame 3, demonic touch 1
a: Renounce Religion


You were on level 3 of the Lair of Beasts.
You worshipped Vehumet.
Vehumet was greatly pleased with you.
You visited 4 branches of the dungeon, and saw 15 of its levels.

You collected 755 gold pieces.
You spent 22 gold pieces at shops.

Inventory:

Hand Weapons
 c - a +2 dagger of chaos
 g - a +4 dagger
 j - a +4 hand axe of venom
 n - a +3 spear of draining
 v - the +9 trident of Dull Expedience (weapon) {speed, *Corrode rElec Str+2 Int+5}
   (You found it on level 6 of the Dungeon)

   Str+2:     It affects your strength (+2).
   Int+5:     It affects your intelligence (+5).
   rElec:     It insulates you from electricity.
   *Corrode:  It may corrode you when you take damage.
 C - a +3 falchion
Missiles
 e - 89 stones
 h - 26 poisoned darts
 x - 2 boomerangs
 E - a curare-tipped dart
 J - 2 throwing nets
Armour
 f - a +0 cloak (worn)
 i - a +0 helmet (worn)
 r - a +0 scale mail (worn)
 I - a +0 buckler (worn)
 M - a +0 pair of boots (worn)
Magical Staves
 b - a staff of fire
 N - a staff of conjuration
Jewellery
 o - a ring of willpower (left hand)
 s - a ring of protection from fire (right hand)
 A - an amulet of faith (around neck)
 H - a ring of flight
Wands
 t - a wand of mindburst (3)
 w - a wand of quicksilver (19)
 F - a wand of charming (4)
 G - a wand of iceblast (6)
Scrolls
 a - 2 scrolls of vulnerability {unknown}
 l - 2 scrolls of immolation
 p - 4 scrolls of teleportation
 u - 2 scrolls of fog
 z - 2 scrolls of silence {unknown}
 D - 2 scrolls of fear {unknown}
 O - a scroll of enchant armour {unknown}
Potions
 k - 2 potions of curing
 m - 2 potions of enlightenment
 q - a potion of might
 B - a potion of lignification
 K - a potion of haste {unknown}
 L - a potion of magic
Miscellaneous
 y - a condenser vane (inert)


   Skills:
 + Level 2.5 Fighting
 + Level 0.4 Short Blades
 + Level 4.4 Polearms
 + Level 3.3 Armour
 + Level 3.3 Dodging
 + Level 4.0 Stealth
 + Level 11.6 Spellcasting
 + Level 4.4 Conjurations
 + Level 6.1 Hexes
 + Level 5.0 Fire Magic
 + Level 1.0 Air Magic
 + Level 11.2 Alchemy
 + Level 0.3 Evocations


You had 11 spell levels left.
You knew the following spells:

 Your Spells              Type           Power      Damage    Failure   Level
a - Sting                 Conj/Alch      100%       1d9       1%          1
b - Mercury Vapours       Alch/Air       90%        N/A       1%          2
c - Mephitic Cloud        Conj/Alch/Air  42%        N/A       1%          3
d - Olgreb's Toxic Radia  Alch           63%        N/A       1%          4
e - Inner Flame           Hex/Fire       42%        N/A       1%          3
f - Sticky Flame          Fire/Alch      53%        2d9       1%          4
g - Eringya's Noxious Bo  Alch           31%        4d6       3%          6

Your spell library contained the following spells:

 Spells                   Type           Power      Damage    Failure   Level
 Kiss of Death            Conj/Necr      100%       2d13      1%          1
 Jinxbite                 Hex            90%        N/A       1%          2
 Confusing Touch          Hex            45%        N/A       1%          3
 Alistair's Intoxication  Alch           42%        N/A       2%          5
 Apportation              Tloc           28%        N/A       9%          1
 Animate Dead             Necr           14%        N/A       63%         4
 Dispel Undead            Necr           14%        3d10      63%         4
 Borgnjor's Vile Clutch   Necr/Erth      7%         N/A       92%         5
 Death Channel            Necr           7%         N/A       100%        6


Dungeon Overview and Level Annotations

Branches:
Dungeon (10/15)            Temple (1/1) D:5            Lair (3/5) D:10
 Spider (1/4) Lair:2
  Swamp: Lair:2-3    Shoals: Lair:2-3       Orc: D:9-12

Altars:
Ashenzari
Cheibriados
Dithmenos
Fedhas
Gozag
Hepliaklqana
Kikubaaqudgha
Makhleb
Nemelex Xobeh
Okawaru
Qazlal
Ru
Sif Muna
Trog
Vehumet
Wu Jian
Xom
Yredelemnul

Shops:
D:6 *

Annotations:
D:6 1 runed translucent door, ShellytheWitch's ghost, novice KoBr
D:7 3 runed translucent doors, hawla's ghost, novice DEFE
D:8 3 runed translucent doors, occam's ghost, journeyman DsCj
D:9 2 transporters, soberseth's ghost, novice MiFi


Innate Abilities, Weirdness & Mutations

You sometimes gain a little power by taking damage.
You are mostly covered in sharp spines.
Your magical and physical power is slightly enhanced at high health.
Your movements are significantly less encumbered by armour. (ER -6)
Your touch may inflict minor irresistible damage on your foes.


Message History

Press: ? - help, Dir - move target, f - wyvern, p - bog body
Aim: a wyvern (heavily wounded, very poisoned, chance to affect: 95%)
The wyvern is filled with an inner flame.
The bog body is engulfed in blazing flames.
Flame seeps out of the bog body.
The bog body is struck by your spines.
Flame seeps out of the bog body.
The bog body touches you!
You focus on the pain.
You feel your power returning. The bog body freezes you!
* * * LOW HITPOINT WARNING * * *
You focus on the pain.
You feel your power returning.
You closely miss the bog body.
The bog body is severely damaged.
Flame seeps out of the wyvern. x2
The wyvern is engulfed in blazing flames.
Flame seeps out of the wyvern.
The bog body is engulfed in blazing flames.
Flame seeps out of the bog body.
The bog body completely misses you.
The bog body is engulfed in blazing flames.
Flame seeps out of the bog body.
The bog body is struck by your spines. Vehumet accepts your kill.
You feel your power returning.
The bog body explodes!
The fiery explosion engulfs the fungus!!
The fungus begins to die.
The fungus is lightly damaged.
The fiery explosion engulfs you!! You resist.
* * * LOW HITPOINT WARNING * * *
You focus on the pain.
You feel very mighty all of a sudden.
Your Fire Magic skill increases to level 5!
You feel better.
The fungus is engulfed in blazing flames.
Flame seeps out of the wyvern.
The wyvern is engulfed in blazing flames.
Flame seeps out of the wyvern.
The wyvern is engulfed in blazing flames.
Vehumet accepts your kill.
You feel your power returning.
The wyvern explodes!
The fiery explosion engulfs you! You resist.
You die...

#P..<....##
##........#
#.........#
###..........
#............
##...........
#...........
#..§§§°.....
#P@☼○°.....
##°☼§○§§...
##○°°.....
#○☼.....#
#..⌠⌠..##
#.♣..♣.#
..♣..♣...
.♣♣..♣ .. .
.♣~


There were no monsters in sight!

Vanquished Creatures
  3 hydras
  A catoblepas (Lair:1)
  Amaemon (D:8)
  2 bog bodies (Lair:3)
  An orb spider (Lair:2)
  A lindwurm (Lair:1)
  4 elephants
  An orange demon (D:8)
  A cane toad (Lair:3)
  5 komodo dragons
  3 hornets
  5 blink frogs (Lair:1)
  A jumping spider (Lair:2)
  A culicivora (Lair:2)
  A shadow (D:6)
  4 wyverns
  A basilisk (Lair:2)
  23 yaks
  An acid dragon (D:9)
  8 water moccasins
  4 orc warriors
  3 black bears
  5 ice beasts
  2 sky beasts
  10 wolves
  An ogre (D:7)
  3 centaurs
  2 kobold brigands
  4 bullfrogs
  3 scorpions
  A gnoll sergeant (D:10)
  13 wights
  8 killer bees
  9 howler monkeys
  A bombardier beetle (D:7)
  4 hounds
  3 jellies
  A gnoll bouda (D:7)
  2 orc priests
  2 sleepcaps
  8 iguanas
  4 orc wizards
  5 hell rats (Lair:1)
  16 gnolls
  3 adders
  2 shadow imps
  3 ribbon worms
  3 dart slugs
  15 orcs
  5 endoplasms
  A giant cockroach (D:2)
  3 goblins
  5 hobgoblins
  7 jackals
  5 quokkas
  16 ball pythons
  10 bats
  2 frilled lizards
  15 kobolds
  9 rats
  A butterfly (D:4)
287 creatures vanquished.

Notes
Turn   | Place    | Note
-------+----------+-------------------------------------------
     0 | D:1      | Farjai the Demonspawn Alchemist began the quest for the
                  | Orb.
     0 | D:1      | Reached XP level 1. HP: 13/13 MP: 3/3
   398 | D:1      | Gained mutation: Your movements are slightly less
                  | encumbered by armour. (ER -2) [demonic ancestry]
   398 | D:1      | Reached XP level 2. HP: 19/19 MP: 0/5
   471 | D:1      | Learned a level 2 spell: Mercury Vapours
   759 | D:1      | Found a faded altar of an unknown god.
   823 | D:1      | Prayed at the altar of an unknown god.
   823 | D:1      | Became a worshipper of Vehumet
   823 | D:1      | Reached * piety under Vehumet
   823 | D:1      | Offered knowledge of Magic Dart by Vehumet.
  1279 | D:1      | Reached XP level 3. HP: 24/24 MP: 0/6
  1336 | D:1      | Learned a level 3 spell: Mephitic Cloud
  1547 | D:2      | Found a broken altar of Ashenzari.
  2212 | D:2      | Reached ** piety under Vehumet
  2212 | D:2      | Offered knowledge of Momentum Strike by Vehumet.
  2919 | D:3      | Gained mutation: Your movements are less encumbered by
                  | armour. (ER -4) [demonic ancestry]
  2919 | D:3      | Reached XP level 4. HP: 29/30 MP: 1/7
  3183 | D:3      | Noticed a scorpion
  3188 | D:3      | Killed a scorpion
  3189 | D:3      | Gained mutation: You are partially covered in sharp spines.
                  | [demonic ancestry]
  3189 | D:3      | Reached XP level 5. HP: 35/35 MP: 3/9
  3521 | D:3      | Found an ancient bone altar of Kikubaaqudgha.
  3991 | D:4      | Learned a level 4 spell: Olgreb's Toxic Radiance
  4038 | D:4      | Found a sparkling altar of Nemelex Xobeh.
  4254 | D:4      | Found a shimmering altar of Xom.
  4278 | D:4      | Offered knowledge of Inner Flame by Vehumet.
  4625 | D:5      | Entered Level 5 of the Dungeon
  4629 | D:5      | Gained mutation: Your movements are significantly less
                  | encumbered by armour. (ER -6) [demonic ancestry]
  4629 | D:5      | Reached XP level 6. HP: 41/41 MP: 2/10
  4705 | D:5      | Found a broken altar of Ashenzari.
  4707 | D:5      | Found a shimmering blue altar of Sif Muna.
  4708 | D:5      | Found a snail-covered altar of Cheibriados.
  4710 | D:5      | Found a burning altar of Makhleb.
  4710 | D:5      | Found a hazy altar of Hepliaklqana.
  4777 | D:5      | Found a blossoming altar of Fedhas.
  4825 | D:5      | Reached skill level 5 in Alchemy
  5084 | D:5      | Found a staircase to the Ecumenical Temple.
  5094 | Temple   | Entered the Ecumenical Temple
  5180 | D:5      | Noticed an ice beast
  5190 | D:5      | Killed an ice beast
  5306 | D:5      | Reached *** piety under Vehumet
  5307 | D:5      | Gained mutation: You are mostly covered in sharp spines.
                  | [demonic ancestry]
  5307 | D:5      | Reached XP level 7. HP: 38/46 MP: 2/13
  5311 | D:5      | Learned a level 3 spell: Inner Flame
  5431 | D:5      | Reached skill level 1 in Air Magic
  5688 | D:5      | Reached skill level 5 in Spellcasting
  6070 | D:6      | Found Qam Qie's General Store.
  6075 | D:6      | Bought a scroll of identify for 22 gold pieces
  6091 | D:6      | Noticed ShellytheWitch's ghost (novice KoBr)
  6109 | D:6      | Identified the +9 trident of Dull Expedience {speed,
                  | *Corrode rElec Str+2 Int+5}
  6157 | D:6      | Reached skill level 1 in Armour
  6157 | D:6      | Reached skill level 1 in Hexes
  6157 | D:6      | Reached XP level 8. HP: 37/52 MP: 4/16
  6330 | D:6      | Learned a level 4 spell: Sticky Flame
  6392 | D:6      | Reached skill level 1 in Fighting
  6413 | D:6      | Reached skill level 1 in Polearms
  6480 | D:6      | Reached skill level 1 in Fire Magic
  6611 | D:6      | Found a runed translucent door.
  7111 | D:7      | Offered knowledge of Frozen Ramparts by Vehumet.
  7311 | D:7      | Found a runed translucent gate.
  7312 | D:7      | Found a runed translucent gate.
  7312 | D:7      | Found a runed translucent gate.
  7312 | D:7      | Noticed hawla's ghost (novice DEFE)
  7421 | D:7      | Gained mutation: Your touch may inflict minor irresistible
                  | damage on your foes. [demonic ancestry]
  7421 | D:7      | Reached XP level 9. HP: 41/60 MP: 14/18
  7861 | D:7      | Found a shadowy altar of Dithmenos.
  8413 | D:8      | Reached **** piety under Vehumet
  8441 | D:8      | Offered knowledge of Arcjolt by Vehumet.
  8458 | D:8      | Found a runed translucent gate.
  8458 | D:8      | Found a runed translucent gate.
  8460 | D:8      | Found a runed translucent gate.
  8463 | D:8      | Noticed occam's ghost (journeyman DsCj)
  9194 | D:8      | Noticed an orange demon
  9196 | D:8      | Noticed Amaemon
  9203 | D:8      | Killed an orange demon
  9204 | D:8      | Gained mutation: Your magical and physical power is
                  | slightly enhanced at high health. [demonic ancestry]
  9204 | D:8      | Reached XP level 10. HP: 67/67 MP: 7/21
  9205 | D:8      | Killed Amaemon
  9609 | D:9      | Found a transporter.
  9680 | D:9      | Found a transporter.
  9680 | D:9      | Noticed soberseth's ghost (novice MiFi)
  9680 | D:9      | Noticed a two-headed ogre
  9681 | D:9      | Noticed a centaur warrior
 10117 | D:9      | Found a stormy altar of Qazlal.
 10209 | D:9      | a yak changed into an entropy weaver
 10209 | D:9      | Noticed an entropy weaver (shapeshifter)
 10239 | D:9      | Reached ***** piety under Vehumet
 10239 | D:9      | Offered knowledge of Ozocubu's Refrigeration by Vehumet.
 10580 | D:9      | Noticed a fire crab
 10670 | D:10     | Entered Level 10 of the Dungeon
 10772 | D:10     | Noticed an elephant
 10773 | D:10     | Reached XP level 11. HP: 72/72 MP: 18/24
 10845 | D:10     | Found a staircase to the Lair.
 11006 | Lair:1   | Entered Level 1 of the Lair of Beasts
 11046 | Lair:1   | Noticed a five-headed hydra
 11054 | Lair:1   | Reached skill level 5 in Hexes
 11060 | Lair:1   | Killed a five-headed hydra
 11061 | Lair:1   | Reached skill level 10 in Spellcasting
 11177 | Lair:1   | Noticed an eight-headed hydra
 11184 | Lair:1   | Killed an eight-headed hydra
 11855 | Lair:1   | Noticed a lindwurm
 11855 | Lair:1   | Noticed a catoblepas
 11875 | Lair:1   | Found a runed translucent door.
 11894 | Lair:1   | Reached skill level 10 in Alchemy
 11988 | Lair:1   | Killed a lindwurm
 12102 | Lair:1   | Killed a catoblepas
 12524 | Lair:2   | Offered knowledge of Eringya's Noxious Bog by Vehumet.
 12532 | Lair:2   | Learned a level 6 spell: Eringya's Noxious Bog
 12709 | Lair:2   | Gained mutation: You sometimes gain a little power by
                  | taking damage. [demonic ancestry]
 12709 | Lair:2   | Reached XP level 12. HP: 80/80 MP: 18/27
 12832 | Lair:2   | Noticed a four-headed hydra
 12839 | Lair:2   | Killed a four-headed hydra
 13143 | Lair:2   | Found a hole to the Spider Nest.
 14002 | Spider:1 | Entered Level 1 of the Spider Nest
 14002 | Spider:1 | Noticed a spark wasp
 14132 | Lair:3   | HP: 2/80 [spore (18)]
 14133 | Lair:3   | Reached skill level 5 in Fire Magic
 14133 | Lair:3   | Killed by an exploding wyvern... ignited by their inner
                  | flame

Illustrated notes

Levels and vault maps discovered:
D:1:      minmay_arrival_four_houses, layout_loops_corners,
          nicolae_ecumenical_snake_handling
D:2:      layout_basic, basic_altar, minmay_tall_x
D:3:      layout_rooms, minitemple
D:4:      layout_rooms, mainiacjoe_overflow_small_starburst, xom_butterflies,
          nicolae_tricolors
D:5:      layout_rooms, grunt_temple_overflow_open, minmay_temple_entry_mist
D:6:      layout_basic, hellmonk_ghost_happy_afterlife, serial_shops, shop
D:7:      layout_basic, general_overflow_altar, ebering_ghost_rock_garden,
          dreamdust_gnoll_shepherd
D:8:      layout_rooms, gammafunk_ghost_necromancy, st_stairs_11,
          serial_park_tiny_2, uniq_amaemon
D:9:      layout_roguey, kennysheep_mini_moat, gammafunk_ghost_arena,
          kennysheep_generic_room_11
D:10:     layout_basic, nicolae_uskayaw_en_pointe, david_lair_generic
Temple:   nicolae_temple_great_sept
Lair:1:   gammafunk_lair_enchanted_lake, layout_regular_city,
          grunt_forest_small_clearing_treed
Lair:2:   layout_cave_shapes, spider_nest_entry_rubble
Lair:3:   layout_cave_pods, nicolae_swamp_entry_splash_gauntlet
Spider:1: layout_chambers, hangedman_spider_tarantella_strand, uniq_roxanne

Skill      XL: |  1  2  3  4  5  6  7  8  9 10 11 12 |
---------------+-------------------------------------+-----
Dodging        | 2 3 |  3.3
Stealth        | 2 3 4 |  4.0
Alchemy        | 4 5 6 7 8 9 10 11 | 11.2
Conjurations   | 2 3 4 |  4.4
Spellcasting   | 3 4 5 6 7 9 11 | 11.6
Air Magic      | 1 |  1.0
Armour         | 1 2 3 |  3.3
Hexes          | 1 2 3 4 5 6 |  6.1
Fighting       | 1 2 |  2.5
Polearms       | 2 3 4 |  4.4
Fire Magic     | 1 2 3 4 5 |  5.0
Short Blades   | |  0.4
Evocations     | |  0.3

Action                     |  1- 3 |  4- 6 |  7- 9 | 10-12 || total
---------------------------+-------+-------+-------+-------++-------
  Melee: Dagger            |    31 |     5 |       |       ||    36
         Punch             |     1 |       |       |     1 ||     2
         Hand axe          |       |    10 |       |       ||    10
         Trident           |       |       |    33 |    38 ||    71
         Staff             |       |       |     1 |       ||     1
         Touch             |       |       |     1 |     6 ||     7
   Cast: Sting             |    82 |    79 |    70 |    97 ||   328
         Mercury Vapours   |    13 |    20 |       |       ||    33
         Olgreb's Toxic Ra |       |    11 |    33 |    51 ||    95
         Mephitic Cloud    |       |     2 |       |       ||     2
         Inner Flame       |       |       |    45 |    73 ||   118
         Sticky Flame      |       |       |     2 |       ||     2
         Eringya's Noxious |       |       |       |     1 ||     1
  Evoke: Condenser vane    |       |       |       |     2 ||     2
         Wand              |       |       |       |     1 ||     1
    Use: Scroll            |     2 |     6 |     7 |     5 ||    20
         Potion            |       |     2 |     1 |    12 ||    15
   Stab: Sleeping          |       |     1 |       |     1 ||     2
 Armour: Robe              |    26 |    17 |       |       ||    43
         Scale mail        |       |     8 |    32 |    75 ||   115
  Dodge: Dodged            |    28 |    20 |    24 |    24 ||    96
  Block: Buckler           |       |       |       |     1 ||     1
